 Dungeon Crawl Stone Soup version 0.30-a0-219-gf2db51d15e (webtiles) character file.

Game seed: 2748595048888913463

600 Iusername the Skirmisher (level 7, -2/56 HPs)
             Began as a Gnoll Hunter on Oct 6, 2022.
             Was an Elder of Lugonu.
             Slain by a gnoll
             ... wielding a +0 halberd
              (7 damage)
             ... on level 5 of the Dungeon.
             The game lasted 00:05:19 (3151 turns).

Iusername the Skirmisher (Gnoll Hunter)             Turns: 3151, Time: 00:05:20

Health: -2/56      AC: 12    Str: 12    XL:     7   Next: 41%
Magic:  10/10      EV: 11    Int:  9    God:    Lugonu [****..]
Gold:   306        SH:  0    Dex: 15    Spells: 11/11 levels left

rFire   . . .      SeeInvis .    a - +0 shortbow
rCold   . . .      Faith    .    (shield currently unavailable)
rNeg    . . .      Spirit   .    q - +6 scale mail of Lasemeoc {rElec}
rPois   .          Reflect  .    (no helmet)
rElec   +          Harm     .    (no cloak)
rCorr   .          Rampage  .    (no gloves)
Will    .....                    (no boots)
Stlth   +.........               (no amulet)
HPRegen 0.29/turn                (no ring)
MPRegen 0.12/turn                (no ring)

@: no status effects
A: fangs 1, strong nose, distributed training
a: Renounce Religion, Depart the Abyss, Bend Space, Banish, Corrupt


You were on level 5 of the Dungeon.
You worshipped Lugonu.
Lugonu was greatly pleased with you.
You visited 1 branch of the dungeon, and saw 5 of its levels.

You collected 306 gold pieces.

Inventory:

Hand Weapons
 a - a +0 shortbow (weapon)
Missiles
 e - 4 throwing nets
Armour
 q - the +6 scale mail of Lasemeoc (worn) {rElec}
   (You found it on level 3 of the Dungeon)

   rElec:     It insulates you from electricity.
Wands
 j - a wand of mindburst (12)
 v - a wand of iceblast (5)
Scrolls
 b - a scroll of immolation
 c - a scroll of enchant armour {unknown}
 f - a scroll of magic mapping {unknown}
 k - a scroll of amnesia {unknown}
 m - 2 scrolls of fog {unknown}
 n - 2 scrolls of identify {unknown}
 o - a scroll of enchant weapon {unknown}
 p - 2 scrolls of blinking {unknown}
 x - a scroll of vulnerability {unknown}
Potions
 d - a potion of berserk rage {unknown}
 g - 3 potions of magic {unknown}
 h - a potion of flight {unknown}
 i - a potion of degeneration {unknown}
 l - a potion of mutation {unknown}
 r - a potion of attraction
 s - a potion of cancellation
 t - a potion of ambrosia {unknown}
 u - a potion of heal wounds {unknown}
 w - a potion of might {unknown}


   Skills:
 + Level 5.3 Fighting
 + Level 2.5 Short Blades
 + Level 2.5 Long Blades
 + Level 2.5 Axes
 + Level 2.5 Maces & Flails
 + Level 2.5 Polearms
 + Level 2.5 Staves
 + Level 8.9 Ranged Weapons
 + Level 2.5 Throwing
 + Level 2.5 Armour
 + Level 5.3 Dodging
 + Level 3.5 Stealth
 + Level 2.5 Shields
 + Level 2.5 Unarmed Combat
 + Level 2.5 Spellcasting
 + Level 2.1 Conjurations
 + Level 2.1 Hexes
 + Level 2.1 Summonings
 + Level 2.1 Necromancy
 + Level 2.1 Translocations
 + Level 2.1 Transmutations
 + Level 2.1 Fire Magic
 + Level 2.1 Ice Magic
 + Level 2.1 Air Magic
 + Level 2.1 Earth Magic
 + Level 2.1 Poison Magic
 + Level 2.8 Invocations
 + Level 2.5 Evocations


You had 11 spell levels left.
You didn't know any spells.
Your spell library contained the following spells:

 Spells                   Type           Power      Damage    Failure   Level
 Ignite Poison            Fire/Tmut/Pois 4%         N/A       89%         3
 Sticky Flame             Conj/Fire      4%         2d3       100%        4
 Ignition                 Fire           2%         3d3       100%        8


Dungeon Overview and Level Annotations

Branches:
Dungeon (5/15)
 Temple: D:4-7

Altars:
Lugonu


Innate Abilities, Weirdness & Mutations

You have very sharp teeth.
Your uncanny sense of smell can sniff out nearby items.
Your experience applies equally to all skills.


Message History

Something hits you but does no damage. The gnoll barely misses you.
Unknown command.
You shoot an arrow. The arrow hits the gnoll!
You kill the gnoll!
Lugonu accepts your kill. Something hits you but does no damage.
Unknown command.
You shoot an arrow. The arrow hits the orc!
You kill the orc!
Lugonu accepts your kill. Something hits you.
Something hits you but does no damage. The gnoll hits you but does no damage.
Unknown command.
You shoot an arrow. The arrow hits the gnoll.
The gnoll is severely wounded.
Something hits you.
The gnoll hits you from afar with a +0 halberd.
Unknown command.
You are too injured to fight recklessly!
Unknown command.
You are too injured to fight recklessly!
You shoot an arrow.
You hear some strange, mumbled words.
A puff of flame appears from out of thin air!
The puff of flame hits you! The gnoll barely misses you.
You shoot an arrow. Something hits you but does no damage.
The gnoll hits you from afar with a +0 halberd.
* * * LOW HITPOINT WARNING * * *
Something hits you but does no damage. The gnoll closely misses you.
You shoot an arrow. Something hits you but does no damage.
The gnoll barely misses you.
You shoot an arrow. Lugonu accepts your kill.
You can now corrupt the fabric of space.
Reactivating autopickup.
You feel a bit more experienced.
The gnoll hits you from afar with a +0 halberd!
* * * LOW HITPOINT WARNING * * *
The gnoll hits you from afar with a +0 halberd!
You die...

.. ###.. ..##. ....
... ..... .... ...
##...##.. ....
......... .....
........##.....
#........g.# #..@.##
###...# ##)..#
###....## ..
#.......# ...
##.....###..........
####..###...........
###>....)...........
#...................


You could see a gnoll.

Vanquished Creatures
  A phantom (D:3)
  A necrophage (D:4)
  3 jellies (D:4)
  2 iguanas
  An orc wizard (D:5)
  4 adders
  17 gnolls
  A shadow imp (D:5)
  A worm (D:3)
  5 dart slugs
  6 orcs
  3 ball pythons
  2 bats
  4 endoplasms
  A giant cockroach (D:1)
  7 goblins
  5 hobgoblins
  7 jackals
  6 kobolds
  6 quokkas
  2 frilled lizards
  6 rats
91 creatures vanquished.

Notes
Turn   | Place    | Note
-------+----------+-------------------------------------------
     0 | D:1      | Iusername the Gnoll Hunter began the quest for the Orb.
     0 | D:1      | Reached XP level 1. HP: 20/20 MP: 1/1
    62 | D:1      | Found a faded altar of an unknown god.
    64 | D:1      | Noticed a shining eye
    64 | D:1      | Noticed an eye of devastation
    70 | D:1      | Noticed a shining eye
    76 | D:1      | Noticed a floating eye
    89 | D:1      | Prayed at the altar of an unknown god.
    89 | D:1      | Became a worshipper of Lugonu the Unformed
    89 | D:1      | Reached * piety under Lugonu
    89 | D:1      | Reached ** piety under Lugonu
   284 | D:1      | Reached XP level 2. HP: 26/26 MP: 2/2
   727 | D:1      | Reached XP level 3. HP: 31/31 MP: 3/3
   914 | D:2      | Reached skill level 1 in Invocations
  1476 | D:3      | Reached skill level 1 in Short Blades
  1476 | D:3      | Reached skill level 1 in Long Blades
  1476 | D:3      | Reached skill level 1 in Axes
  1476 | D:3      | Reached skill level 1 in Maces & Flails
  1476 | D:3      | Reached skill level 1 in Polearms
  1476 | D:3      | Reached skill level 1 in Staves
  1476 | D:3      | Reached skill level 1 in Throwing
  1476 | D:3      | Reached skill level 1 in Armour
  1476 | D:3      | Reached skill level 1 in Shields
  1476 | D:3      | Reached skill level 1 in Unarmed Combat
  1476 | D:3      | Reached skill level 1 in Spellcasting
  1476 | D:3      | Reached skill level 1 in Evocations
  1500 | D:3      | Identified the +6 scale mail of Lasemeoc {rElec}
  1533 | D:3      | Reached XP level 4. HP: 37/38 MP: 5/5
  1549 | D:3      | Reached skill level 1 in Conjurations
  1549 | D:3      | Reached skill level 1 in Hexes
  1549 | D:3      | Reached skill level 1 in Summonings
  1549 | D:3      | Reached skill level 1 in Necromancy
  1549 | D:3      | Reached skill level 1 in Translocations
  1549 | D:3      | Reached skill level 1 in Transmutations
  1549 | D:3      | Reached skill level 1 in Fire Magic
  1549 | D:3      | Reached skill level 1 in Ice Magic
  1549 | D:3      | Reached skill level 1 in Air Magic
  1549 | D:3      | Reached skill level 1 in Earth Magic
  1549 | D:3      | Reached skill level 1 in Poison Magic
  1791 | D:3      | Reached XP level 5. HP: 36/43 MP: 5/7
  1836 | D:3      | Identified the +6 dagger of Watchfulness {elec, rElec
                  | rCorr}
  2158 | D:4      | Noticed a phantom
  2165 | D:4      | Reached *** piety under Lugonu
  2292 | D:3      | Killed a phantom
  2293 | D:3      | Reached skill level 5 in Fighting
  2293 | D:3      | Reached skill level 5 in Dodging
  2293 | D:3      | Reached XP level 6. HP: 49/51 MP: 7/9
  2510 | D:4      | Reached XP level 7. HP: 48/56 MP: 10/10
  3051 | D:5      | Entered Level 5 of the Dungeon
  3150 | D:5      | Reached **** piety under Lugonu
  3151 | D:5      | Slain by a gnoll

Illustrated notes

Levels and vault maps discovered:
D:1:      nicolae_arrival_washed_ashore, layout_loops_corners,
          hellmonk_ecumenical_altar_watching_god
D:2:      layout_basic, kennysheep_generic_room_8
D:3:      layout_loops_ring, chequers_serial_rivers_micro_d
D:4:      layout_loops_ring
D:5:      layout_cave_pools

Skill      XL: |  1  2  3  4  5  6  7 |
---------------+----------------------+-----
Invocations    | 1 2 |  2.8
Short Blades   | 1 2 |  2.5
Long Blades    | 1 2 |  2.5
Axes           | 1 2 |  2.5
Maces & Flails | 1 2 |  2.5
Polearms       | 1 2 |  2.5
Staves         | 1 2 |  2.5
Throwing       | 1 2 |  2.5
Armour         | 1 2 |  2.5
Shields        | 1 2 |  2.5
Unarmed Combat | 1 2 |  2.5
Spellcasting   | 1 2 |  2.5
Evocations     | 1 2 |  2.5
Conjurations   | 1 2 |  2.1
Hexes          | 1 2 |  2.1
Summonings     | 1 2 |  2.1
Necromancy     | 1 2 |  2.1
Translocations | 1 2 |  2.1
Transmutations | 1 2 |  2.1
Fire Magic     | 1 2 |  2.1
Ice Magic      | 1 2 |  2.1
Air Magic      | 1 2 |  2.1
Earth Magic    | 1 2 |  2.1
Poison Magic   | 1 2 |  2.1
Fighting       | 5 |  5.3
Dodging        | 5 |  5.3
Stealth        | 3 |  3.5
Ranged Weapons | |  8.9

Action                   |  1- 3 |  4- 6 |  7- 9 || total
-------------------------+-------+-------+-------++-------
 Fire: Shortbow          |    90 |    89 |    86 ||   265
Evoke: Wand              |       |       |     2 ||     2
  Use: Potion            |       |     4 |       ||     4
       Scroll            |       |     2 |       ||     2
Armor: Leather armour    |     5 |       |       ||     5
       Scale mail        |     1 |    38 |    50 ||    89
Dodge: Dodged            |    19 |    33 |    19 ||    71

Table legend: (Time is in decaauts)
 A = Elapsed time spent in this place.
 B = Non-inter-level travel time spent in this place.
 C = Inter-level travel time spent in this place.
 D = Time resting spent in this place.
 E = Time spent auto-exploring this place.
 F = Levels seen in this place.
 G = Mean time per level.
                   A        B        C        D        E       F      G
               +--------+--------+--------+--------+--------+-----+--------+
         Total |   3219 |   3132 |     87 |     94 |   2468 |   5 |  643.8 |
       Dungeon |   3219 |   3132 |     87 |     94 |   2468 |   5 |  643.8 |
               +--------+--------+--------+--------+--------+-----+--------+

Top non-repeatable levels by time:
     D:1: 903 daAuts
     D:3: 877 daAuts
     D:4: 746 daAuts
     D:2: 578 daAuts
     D:5: 113 daAuts
